 Dungeon Crawl Stone Soup version 0.23.0-3-gf3c87f2df8 (webtiles) character file.

Game seed: 8123106715209577472

53 dwarken the Skirmisher (level 3, 0/24 HPs)
             Began as a Gargoyle Berserker on Feb 23, 2019.
             Was a Believer of Trog.
             Slain by an ogre
             ... wielding a +0 giant club
              (16 damage)
             ... on level 2 of the Dungeon.
             The game lasted 00:06:35 (1117 turns).

dwarken the Skirmisher (Gargoyle Berserker)         Turns: 1117, Time: 00:06:35

Health: 0/24       AC:  7    Str: 21    XL:     3   Next: 89%
Magic:  3/3        EV: 12    Int:  7    God:    Trog [**....]
Gold:   58         SH:  0    Dex:  9    Spells: 2/2 levels left

rFire    . . .     SeeInvis .   a - +0 mace
rCold    . . .     Gourm    .   (no shield)
rNeg     + . .     Faith    .   b - +0 animal skin
rPois    ∞         Spirit   .   (no helmet)
rElec    +         Reflect  .   (no cloak)
rCorr    +         Harm     .   (no gloves)
MR       .....                  (no boots)
Stlth    +.........             (no amulet)
HPRegen  0.08/turn              h - ring of resist corrosion
MPRegen  0.08/turn              o - +2 ring of protection

@: no status effects
A: negative energy resistance 1, electricity resistance, unbreathing,
petrification resistance, rot immunity, AC +3
a: Berserk, Trog's Hand, Renounce Religion


You were on level 2 of the Dungeon.
You worshipped Trog.
Trog was pleased with you.
You were not hungry.

You visited 1 branch of the dungeon, and saw 2 of its levels.

You collected 58 gold pieces.

Inventory:

Hand Weapons
 a - a +0 mace (weapon)
Armour
 b - a +0 animal skin (worn)
Jewellery
 h - a ring of resist corrosion (left hand)
 o - a +2 ring of protection (right hand)
Scrolls
 d - a scroll of identify
 e - 2 scrolls of magic mapping
 j - a scroll of immolation {unknown}
 k - 2 scrolls of enchant weapon {unknown}
 l - 3 scrolls of noise {unknown}
 m - a scroll of teleportation {unknown}
Potions
 f - a potion of brilliance {unknown}
Comestibles
 c - 3 rations
 n - 2 chunks of flesh


   Skills:
 - Level 4.0 Fighting
 + Level 3.9 Maces & Flails
 - Level 2.3 Armour
 - Level 1.9 Dodging


You had 2 spell levels left.
You didn't know any spells.
Your spell library was empty.

Dungeon Overview and Level Annotations

Branches:
Dungeon (2/15)

Altars:


Innate Abilities, Weirdness & Mutations

You are resistant to torment.
Your stone body is resilient. (AC +3)
You are immune to poison.
You resist negative energy. (rN+)
You are resistant to electric shocks. (rElec)
You can survive without breathing.
You are immune to petrification.
You are immune to rotting.


Message History

You see here a jackal skeleton.
You aren't carrying any items that you can evoke.
That item cannot be evoked!
As you read the scroll labeled WUDOPA DESIME, it crumbles to dust.
It is a scroll of identify.
e - 2 scrolls of magic mapping
As you read the scroll labeled GUGREPROEKK, it crumbles to dust.
You feel blessed for a moment.
It was a scroll of remove curse.
As you read the scroll labeled YMIGREE LEZOGI, it crumbles to dust.
It is a scroll of amnesia.
You feel forgetful for a moment.
Okay, then.
You hit the ogre.
The ogre is lightly wounded.
The ogre hits you with a +0 giant club!
You closely miss the ogre.
The ogre is lightly wounded.
The ogre hits you with a +0 giant club!
Ouch! That really hurt!
You die...

#.# #.# #.# .# ####
#)# .# ...####.####.#
...##.......## #
#..##...<....# ##.
#..##..÷÷....#
....##..##..@.....###
#.#..........O.......
....##..#..........#.#
#...............# #
#...............#
#.<......##.###...
#........# ## ##.
#........# #........#


You could see an ogre.

Vanquished Creatures
  An adder (D:2)
  2 oozes (D:1)
  3 dart slugs
  A leopard gecko (D:1)
  2 bats (D:1)
  A giant cockroach (D:1)
  3 hobgoblins
  7 jackals
  4 kobolds (D:1)
  A frilled lizard (D:1)
  A goblin (D:1)
  A rat (D:1)
27 creatures vanquished.

Notes
Turn   | Place    | Note
-------+----------+-------------------------------------------
     0 | D:1      | dwarken the Gargoyle Berserker began the quest for the Orb.
     0 | D:1      | Reached XP level 1. HP: 14/14 MP: 1/1
   213 | D:1      | Reached XP level 2. HP: 19/19 MP: 2/2
   392 | D:1      | Reached XP level 3. HP: 20/24 MP: 3/3
   422 | D:1      | Reached skill level 4 in Fighting
   775 | D:1      | Reached ** piety under Trog
  1110 | D:2      | Noticed an ogre
  1117 | D:2      | Slain by an ogre

Skill      XL: |  1  2  3 |
---------------+----------+-----
Fighting       | 4 |  4.0
Maces & Flails | |  3.9
Armour         | |  2.3
Dodging        | |  1.9

Action                   || total
-------------------------++-------
Melee: Mace              ||   116
  Use: Scroll            ||     3
 Stab: Sleeping          ||     1
  Eat: Chunk             ||     1
Armor: Animal skin       ||    46
Dodge: Dodged            ||   101
